 Dungeon Crawl Stone Soup version 0.23.0-3-gf3c87f2 (webtiles) character file.

Game seed: 278032899385938561

3346 Inarius the Reanimator (level 10, -12/72 HPs)
             Began as a Naga Necromancer on Feb 20, 2019.
             Was a Priest of Hepliaklqana.
             Killed by the air
             ... invoked by Gastronok
              (35 damage)
             ... on level 9 of the Dungeon.
             The game lasted 00:28:05 (11008 turns).

Inarius the Reanimator (Naga Necromancer)          Turns: 11008, Time: 00:28:06

Health: -12/72     AC:  5    Str: 10    XL:     10   Next: 2%
Magic:  22/29      EV: 10    Int: 23    God:    Hepliaklqana [***...]
Gold:   261        SH:  0    Dex: 15    Spells: 8/23 levels left

rFire    . . .     SeeInvis +   p - +0 mace of Midup {pain, rN+ Dex+3}
rCold    . . .     Gourm    .   (no shield)
rNeg     + . .     Faith    .   o - +0 robe {MR+}
rPois    +         Spirit   .   m - +0 helmet
rElec    .         Reflect  .   (no cloak)
rCorr    .         Harm     .   (no gloves)
MR       ++...                  (no barding)
Stlth    ++........             (no amulet)
HPRegen  0.22/turn              x - ring of magical power
MPRegen  0.21/turn              j - +4 ring of intelligence

@: very slow
A: large, reduced essence, see invisible, deformed body, poison resistance,
slowness 2, slow metabolism 1, spit poison 1, AC +3
a: Spit Poison, Recall Ancestor, Ancestor Identity, Transference, Renounce
Religion


You were on level 9 of the Dungeon.
You worshipped Hepliaklqana.
Hepliaklqana was most pleased with you.
You were not hungry.

You visited 2 branches of the dungeon, and saw 10 of its levels.

You collected 397 gold pieces.
You spent 136 gold pieces at shops.

Inventory:

Hand Weapons
 p - the +0 mace of Midup (weapon) {pain, rN+ Dex+3}
   (You found it on level 4 of the Dungeon)

   In the hands of one skilled in necromantic magic, it inflicts extra damage on
   living creatures.
   It affects your dexterity (+3).
   It protects you from negative energy.
Missiles
 w - 5 poisoned javelins (quivered)
Armour
 d - a +0 ring mail
 h - a +0 ring mail
 m - a +0 helmet (worn)
 n - a +0 scale mail
 o - a +0 robe of magic resistance (worn)
 q - a +0 leather armour
Jewellery
 e - an uncursed ring of flight
 j - a +4 ring of intelligence (right hand)
 x - a ring of magical power (left hand)
Wands
 a - a wand of polymorph (4)
 i - a wand of random effects (11)
 y - a wand of digging (4)
 A - a wand of acid (3)
Scrolls
 l - 3 scrolls of remove curse
 r - 2 scrolls of fog
 t - 2 scrolls of blinking
 u - 4 scrolls of teleportation
 B - 2 scrolls of fear {unknown}
 E - a scroll of enchant armour {unknown}
 F - a scroll of identify
Potions
 b - 3 potions of brilliance
 f - a potion of heal wounds
 g - 3 potions of curing
 k - a potion of invisibility
 s - a potion of resistance {unknown}
 v - a potion of cancellation {unknown}
 z - a potion of might {unknown}
 C - a potion of flight {unknown}
Comestibles
 c - 14 rations


   Skills:
 + Level 1.6 Fighting
 - Level 1.9 Maces & Flails
 + Level 0.1 Throwing
 * Level 3.6 Armour
 + Level 2.3 Dodging
 + Level 3.5 Stealth
 + Level 7.0 Spellcasting
 + Level 0.5 Charms
 * Level 9.7 Necromancy
 + Level 0.3 Ice Magic
 * Level 4.6 Invocations
 + Level 0.7 Evocations


You had 8 spell levels left.
You knew the following spells:

 Your Spells              Type           Power        Failure   Level  Hunger
a - Pain                  Necr           ####         1%          1    None
b - Animate Skeleton      Necr           N/A          1%          1    None
c - Vampiric Draining     Necr           ######....   1%          3    None
d - Animate Dead          Necr           N/A          1%          4    ###....
e - Regeneration          Chrm/Necr      ####......   2%          3    None
f - Ozocubu's Armour      Chrm/Ice       ##......     19%         3    None

Your spell library contained the following spells:

 Spells                   Type           Power        Failure   Level  Hunger
 Freeze                   Ice            #...         7%          1    None
 Confusing Touch          Hex            #.....       8%          1    None
 Throw Frost              Conj/Ice       #.....       11%         2    None
 Confuse                  Hex            #.......     22%         3    None
 Gell's Gravitas          Tloc           #.........   22%         3    None
 Petrify                  Tmut/Erth      #.......     58%         4    ###....
 Summon Ice Beast         Ice/Summ       #.......     58%         4    ###....
 Throw Icicle             Conj/Ice       #.......     58%         4    ###....
 Metabolic Englaciation   Hex/Ice        #.........   90%         5    #####..
 Yara's Violent Unravell  Hex/Tmut       #.........   91%         5    #####..


Dungeon Overview and Level Annotations

Branches:
Dungeon (9/15)             Temple (1/1) D:4
   Lair: D:8-11         Orc: D:9-12

Altars:
Ashenzari
Cheibriados
Dithmenos
Elyvilon
Fedhas
Gozag
Hepliaklqana
Nemelex Xobeh
Qazlal
Ru
Sif Muna
Trog
Wu Jian
Yredelemnul
Zin

Shops:
D:4 ?   D:7 =

Annotations:
D:9 Gastronok


Innate Abilities, Weirdness & Mutations

You cannot wear boots.
Your serpentine skin is tough. (AC +3)
You have supernaturally acute eyesight. (SInv)
Armour fits poorly on your strangely shaped body.
Your system is resistant to poisons. (rPois)
You cover ground very slowly.
You have a slow metabolism.
You can spit poison.
Your life essence is reduced to manifest your ancestor. (-10% HP)


Message History

Gastronok easily resists.
Casting: Pain (safe; 1% risk of failure)
Confirm with . or Enter, or press ? or * to list all spells.
Aiming: Pain (safe; 1% risk of failure)
Press: ? - help, Shift-Dir - straight line, f/p - Gastronok
Aim: Gastronok, wearing a +2 hat of intelligence (chance to defeat MR: 37%) Gastronok writhes in agony!
Casting: Pain (safe; 1% risk of failure)
Confirm with . or Enter, or press ? or * to list all spells.
Aiming: Pain (safe; 1% risk of failure)
Press: ? - help, Shift-Dir - straight line, f/p - Gastronok
Aim: Gastronok, wearing a +2 hat of intelligence (lightly wounded, chance to defeat MR: 37%) Gastronok writhes in agony.
Gastronok waves his eye-stalks in wide circles.
The air twists around and strikes you!
Ouch! That really hurt!
Unknown command.
Gastronok waves his eye-stalks in wide circles.
The air twists around and strikes you!
You die...

..# #.......# ###
##'###### #......#
### ######.#### ##+#
..# #........# ....(
..# #........#
####...... ..#
#........###.wJ......
..##
#........##..##......
....# #........@R.##
....J ..#..
..........#### ....
.>### ##........# ...
### #........# ..
########## #


You could see the friendly Centenhua the knight, Gastronok and a jelly.

Vanquished Creatures
  A hornet (D:9)
  Sigmund (D:5)
  A hungry ghost (D:7)
  Edmund (D:5)
  Duvessa (D:5)
  A sky beast (D:5)
  2 ice beasts
  3 orc warriors
  A centaur (D:9)
  3 ogres
  Dowan (D:5)
  2 scorpions
  A crimson imp (D:5)
  An orc priest (D:9)
  A quasit (D:5)
  2 hounds
  4 orc wizards
  Ijyb (D:3)
  Jessica (D:2)
  Terence (D:2)
  8 worker ants
  3 iguanas
  Robin (D:2)
  4 gnolls
  11 adders
  A shadow imp (D:5)
  2 oozes
  A worm (D:3)
  A dart slug (D:1)
  5 leopard geckos
  12 orcs
  2 bats
  3 giant cockroaches
  14 goblins
  8 hobgoblins
  6 jackals
  5 kobolds
  2 quokkas (D:5)
  2 ball pythons
  2 frilled lizards
  8 rats
131 creatures vanquished.

Vanquished Creatures (collateral kills)
  Prince Ribbit (D:7)
  An ice beast (D:6)
  A phantom (D:4)
  A centaur (D:8)
  A water moccasin zombie (D:6)
  A scorpion (D:8)
  2 crimson imps (D:6)
  A hound (D:7)
  2 worker ants (D:5)
  A shadow imp (D:6)
  A dart slug (D:3)
  2 orcs
  2 giant cockroaches
  A goblin (D:1)
  3 jackals
  A rat (D:1)
22 creatures vanquished.

Vanquished Creatures (others)
  A knight (D:9)
  An ancestor (D:5)
2 creatures vanquished.

Grand Total: 155 creatures vanquished

Notes
Turn   | Place    | Note
-------+----------+-------------------------------------------
     0 | D:1      | Inarius the Naga Necromancer began the quest for the Orb.
     0 | D:1      | Reached XP level 1. HP: 15/15 MP: 3/3
   261 | D:1      | Reached XP level 2. HP: 3/22 MP: 0/5
   733 | D:1      | Learned a level 1 spell: Animate Skeleton
   916 | D:1      | Reached XP level 3. HP: 11/28 MP: 1/6
  1293 | D:1      | You fall through a shaft!
  2009 | D:1      | Learned a level 3 spell: Vampiric Draining
  2135 | D:2      | Noticed Jessica
  2137 | D:2      | Killed Jessica
  2137 | D:2      | Reached XP level 4. HP: 35/36 MP: 6/9
  2182 | D:2      | Noticed Robin
  2186 | D:2      | Killed Robin
  2195 | D:2      | Noticed Terence
  2620 | D:2      | Found a stormy altar of Qazlal.
  3024 | D:2      | Killed Terence
  3024 | D:2      | Reached skill level 5 in Necromancy
  3024 | D:2      | Reached XP level 5. HP: 34/42 MP: 2/10
  3633 | D:3      | Learned a level 4 spell: Animate Dead
  3701 | D:3      | Noticed Ijyb
  3708 | D:3      | Killed Ijyb
  3823 | D:3      | Reached XP level 6. HP: 46/49 MP: 6/11
  4724 | D:4      | Reached skill level 1 in Armour
  4732 | D:4      | Found a staircase to the Ecumenical Temple.
  4742 | Temple   | Entered the Ecumenical Temple
  4812 | Temple   | Became a worshipper of Hepliaklqana the Forgotten
  4899 | D:4      | Noticed a phantom
  4923 | D:4      | Killed a phantom
  4923 | D:4      | Reached skill level 6 in Necromancy
  5154 | D:4      | Found Umnobist's Magic Scroll Boutique.
  5164 | D:4      | Bought a scroll of blinking for 97 gold pieces
  5164 | D:4      | Bought a scroll of teleportation for 39 gold pieces
  5198 | D:4      | Reached XP level 7. HP: 48/49 MP: 9/13
  5319 | D:4      | Learned a level 3 spell: Regeneration
  5404 | D:4      | Got a crude mace
  5405 | D:4      | Identified the cursed +0 mace of Midup {pain, rN+ Dex+3}
                  | (You found it on level 4 of the Dungeon)
  5573 | D:5      | Entered Level 5 of the Dungeon
  5581 | D:5      | Reached skill level 1 in Invocations
  6382 | D:5      | Noticed Duvessa
  6388 | D:5      | Killed Duvessa
  6391 | D:5      | Noticed Dowan
  6392 | D:5      | Noticed Sigmund
  6592 | D:5      | Found a glowing silver altar of Zin.
  6611 | D:5      | Reached skill level 5 in Spellcasting
  6611 | D:5      | Reached skill level 7 in Necromancy
  6611 | D:5      | Reached XP level 8. HP: 34/56 MP: 5/15
  6694 | D:5      | Noticed Edmund
  6703 | D:5      | Killed Edmund
  6852 | D:5      | Killed Dowan
  6968 | D:5      | Killed Sigmund
  7686 | D:6      | Reached skill level 8 in Necromancy
  7790 | D:6      | Reached skill level 1 in Fighting
  7798 | D:6      | Reached skill level 1 in Maces & Flails
  7923 | D:6      | Reached XP level 9. HP: 39/63 MP: 6/17
  8523 | D:6      | Reached * piety under Hepliaklqana
  8972 | D:7      | Found Ufaest's Jewellery Shoppe.
  9164 | D:7      | Reached ** piety under Hepliaklqana
  9165 | D:7      | Remembered your ancestor Centenhua as a knight
  9347 | D:7      | Learned a level 3 spell: Ozocubu's Armour
  9552 | D:7      | Noticed Prince Ribbit
  9570 | D:7      | Killed Prince Ribbit
  9570 | D:7      | Reached skill level 9 in Necromancy
  9593 | D:7      | Found a blossoming altar of Fedhas.
 10278 | D:8      | Reached *** piety under Hepliaklqana
 10736 | D:9      | Noticed a hornet
 10754 | D:9      | Killed a hornet
 10754 | D:9      | Reached XP level 10. HP: 39/72 MP: 12/20
 10999 | D:9      | Noticed Gastronok
 11008 | D:9      | Killed from afar by Gastronok

Skill      XL: |  1  2  3  4  5  6  7  8  9 |
---------------+----------------------------+-----
Spellcasting   | 3 4 5 7 |  7.0
Necromancy     | 5 6 7 8 9 |  9.7
Armour         | 1 2 3 |  3.6
Invocations    | 2 3 4 |  4.6
Dodging        | 2 |  2.3
Fighting       | 1 |  1.6
Maces & Flails | 1 |  1.9
Throwing       | |  0.1
Stealth        | |  3.5
Charms         | |  0.5
Ice Magic      | |  0.3
Evocations     | |  0.7

Action                   |  1- 3 |  4- 6 |  7- 9 | 10-12 || total
-------------------------+-------+-------+-------+-------++-------
Melee: Unarmed           |    18 |       |       |       ||    18
       Whip              |     2 |    34 |       |       ||    36
       Spear             |       |    19 |     9 |       ||    28
       Mace              |       |       |   120 |     2 ||   122
Throw: Javelin           |       |       |     3 |       ||     3
 Cast: Pain              |    46 |    76 |   147 |     6 ||   275
       Animate Skeleton  |     9 |     6 |     7 |       ||    22
       Vampiric Draining |       |     6 |    29 |     1 ||    36
       Animate Dead      |       |     5 |    13 |     1 ||    19
       Regeneration      |       |       |     4 |       ||     4
       Ozocubu's Armour  |       |       |     8 |       ||     8
Invok: Recall Ancestor   |       |       |     1 |       ||     1
       Ancestor Life: Kn |       |       |     1 |       ||     1
 Abil: Spit Poison       |       |     5 |     7 |       ||    12
Evoke: Wand              |       |     2 |    13 |       ||    15
  Use: Scroll            |     2 |     3 |     5 |       ||    10
       Potion            |       |       |     2 |       ||     2
 Stab: Sleeping          |       |     2 |       |       ||     2
  Eat: Chunk             |     2 |    11 |    17 |     1 ||    31
Armor: Robe              |     5 |    28 |   111 |     2 ||   146
Dodge: Dodged            |    13 |    45 |   150 |     5 ||   213
